 Dungeon Crawl Stone Soup version 0.27-a0-277-g024f7ef292 (webtiles) character file.

Game seed: 17534066518143897514

609 Borgoz the Ruffian (level 7, 0/60 HPs)
             Began as a Ghoul Gladiator on Feb 5, 2021.
             Was a Follower of Okawaru.
             Slain by an orc priest
             ... wielding a +0 club
              (2 damage)
             ... on level 4 of the Dungeon.
             The game lasted 00:04:39 (4381 turns).

Borgoz the Ruffian (Ghoul Gladiator)                Turns: 4381, Time: 00:04:40

Health: 0/60       AC:  7    Str: 18      XL:     7   Next: 43%
Magic:  7/8        EV: 12    Int:  2 (3)  God:    Okawaru [*.....]
Gold:   94         SH:  5    Dex:  9 (12) Spells: 6/6 levels left

rFire    . . .     SeeInvis .     - Unarmed
rCold    + . .     Faith    .   (no shield)
rNeg     + + +     Spirit   .   u - +0 ring mail
rPois    ∞         Reflect  +   b - +1 helmet
rElec    .         Harm     .   (no cloak)
rCorr    .         Rampage  .   (no gloves)
Will     +....                  (no boots)
Stlth    ..........             f - amulet of reflection
HPRegen  0.00/turn              s - ring of willpower
MPRegen  0.11/turn              (no ring)

@: no status effects
A: claws 1, cold resistance 1, negative energy resistance 3, inhibited
regeneration, torment resistance, unbreathing
a: Renounce Religion, Heroism


You were on level 4 of the Dungeon.
You worshipped Okawaru.
Okawaru was aware of your devotion.
You visited 1 branch of the dungeon, and saw 4 of its levels.

You collected 94 gold pieces.

Inventory:

Missiles
 c - 3 throwing nets (quivered)
Armour
 b - a +1 helmet (worn)
 u - a +0 ring mail (worn)
Jewellery
 f - an amulet of reflection (around neck)
 s - a ring of willpower (left claw)
Scrolls
 a - a scroll of teleportation {unknown}
 d - a scroll of magic mapping
 e - 2 scrolls of remove curse
 g - a scroll of noise {unknown}
 h - 2 scrolls of identify {unknown}
 k - a scroll of fog {unknown}
 o - a scroll of random uselessness {unknown}
 q - a scroll of immolation {unknown}
 t - 2 scrolls of enchant armour
Potions
 i - 2 potions of lignification
 l - a potion of attraction


   Skills:
 + Level 4.4 Fighting
 - Level 1.7 Throwing
 + Level 3.0 Armour
 + Level 4.2 Dodging
 + Level 5.1 Unarmed Combat
 + Level 2.7 Invocations


You had 6 spell levels left.
You didn't know any spells.
Your spell library was empty.

Dungeon Overview and Level Annotations

Branches:
Dungeon (4/15)
 Temple: D:4-7

Altars:
Ashenzari
Makhleb
Okawaru
Zin
The Shining One


Innate Abilities, Weirdness & Mutations

You thrive by killing the living.
You are immune to poison.
You have sharp fingernails.
Your flesh is cold resistant. (rC+)
You are immune to negative energy. (rN+++)
You do not regenerate when monsters are visible.
You are immune to unholy pain and torment.
You can survive without breathing.


Message History

Your ring mail prevents you from hitting the orc priest.
The orc hits you but does no damage. x2
You scratch the orc.
The orc is heavily wounded.
The orc barely misses you. x2
You barely miss the orc.
The orc is heavily wounded.
The orc priest invokes the aid of Beogh against you.
Beogh smites you!
* * * LOW HITPOINT WARNING * * *
You block the orc's attack. The orc hits you with a +3 trident!
* * * LOW HITPOINT WARNING * * *
The orc barely misses you.
You claw the orc!
You kill the orc!
Okawaru accepts your kill. The orc hits you but does no damage.
You block the orc's attack.
Okay, then.
You closely miss the orc priest. The orc priest hits you with a +0 club.
You die...

#.....'..#######.#
....#
#.....#..#######.#
....#
#.....#..##A#.8#.#
....#
#.....#######..#.#####
...####.# #...)[)....#
...#....# #....#.....#
...#....# #_..8#.....#
...#....# ######†o...#
...#....########@....#
...#....#....#.oo....#
...#....##...#.......#
...#....##...#.......#
...#....##...#.......#
...#.........#.......#
...#.........#.......#
...#.........#.......#
...'.........#.......+


You could see an orc priest and 2 orcs.

Vanquished Creatures
  2 scorpions (D:4)
  A howler monkey (D:4)
  3 orc priests (D:4)
  2 hounds (D:4)
  An iguana (D:4)
  2 worker ants (D:4)
  2 orc wizards (D:4)
  3 gnolls (D:4)
  A howler monkey skeleton (D:3)
  3 adders
  A worm (D:2)
  3 dart slugs
  2 leopard geckos
  23 orcs
  3 giant cockroaches
  8 goblins
  7 hobgoblins
  11 jackals
  8 kobolds
  2 quokkas
  12 bats
  7 frilled lizards
  9 rats
116 creatures vanquished.

Notes
Turn   | Place    | Note
-------+----------+-------------------------------------------
     0 | D:1      | Borgoz the Ghoul Gladiator began the quest for the Orb.
     0 | D:1      | Reached XP level 1. HP: 17/17 MP: 0/0
   154 | D:1      | Reached XP level 2. HP: 25/25 MP: 1/1
   491 | D:1      | Reached XP level 3. HP: 26/30 MP: 2/2
   838 | D:1      | Reached skill level 1 in Armour
  1701 | D:2      | Reached XP level 4. HP: 28/38 MP: 3/3
  2325 | D:3      | Found an iron altar of Okawaru.
  2342 | D:3      | Became a worshipper of Warmaster Okawaru
  2486 | D:3      | Reached skill level 4 in Unarmed Combat
  2866 | D:3      | Reached XP level 5. HP: 45/45 MP: 4/4
  2930 | D:3      | Found a broken altar of Ashenzari.
  3400 | D:4      | Found a glowing golden altar of the Shining One.
  3520 | D:4      | Reached skill level 1 in Invocations
  3550 | D:4      | Found a burning altar of Makhleb.
  3561 | D:4      | Reached XP level 6. HP: 49/52 MP: 4/6
  4011 | D:4      | Reached * piety under Okawaru
  4182 | D:4      | Reached XP level 7. HP: 59/59 MP: 7/7
  4194 | D:4      | Noticed an angel
  4195 | D:4      | Found a glowing silver altar of Zin.
  4249 | D:4      | Reached skill level 5 in Unarmed Combat
  4379 | D:4      | HP: 2/60 [orc/+3 trident (7)]
  4381 | D:4      | Slain by an orc priest

Illustrated notes

Levels and vault maps discovered:
D:1:      dpeg_arrival_tiny_c, layout_basic, hangedman_abyss_or_decor_stabs
D:2:      layout_loops_corners, serial_rivers, chequers_serial_rivers_room_b,
          chequers_serial_rivers_room_b, chequers_serial_rivers_room_a,
          chequers_serial_rivers_micro_c, chequers_serial_rivers_large_a,
          chequers_serial_rivers_large_b
D:3:      layout_basic, lemuel_doored_altar, roderic_three_in_a_row,
          kennysheep_okawaru_gauntlet
D:4:      layout_gridville, makhleb_heckhound_becter, zin_angel,
          overflow_temple_1_default

Skill      XL: |  1  2  3  4  5  6  7 |
---------------+----------------------+-----
Dodging        | 3 4 |  4.2
Armour         | 1 2 3 |  3.0
Fighting       | 3 4 |  4.4
Unarmed Combat | 4 5 |  5.1
Invocations    | 1 2 |  2.7
Throwing       | |  1.7

Action                   |  1- 3 |  4- 6 |  7- 9 || total
-------------------------+-------+-------+-------++-------
Melee: Unarmed           |   124 |   269 |    48 ||   441
       Punch             |     3 |     6 |       ||     9
Throw: Throwing net      |       |     2 |       ||     2
  Use: Scroll            |     2 |     2 |       ||     4
       Potion            |       |     1 |     6 ||     7
 Stab: Held in net/web   |       |     1 |       ||     1
Armor: Leather armour    |    21 |    62 |       ||    83
       Ring mail         |       |    31 |    14 ||    45
Dodge: Dodged            |    63 |   176 |    21 ||   260
Block: Other             |    22 |    78 |    15 ||   115
       Reflection        |       |     1 |       ||     1

Table legend: (Time is in decaauts)
 A = Elapsed time spent in this place.
 B = Non-inter-level travel time spent in this place.
 C = Inter-level travel time spent in this place.
 D = Time resting spent in this place.
 E = Time spent auto-exploring this place.
 F = Levels seen in this place.
 G = Mean time per level.
                   A        B        C        D        E       F      G
               +--------+--------+--------+--------+--------+-----+--------+
         Total |   4388 |   4288 |    100 |    460 |   3030 |   4 | 1097.0 |
       Dungeon |   4388 |   4288 |    100 |    460 |   3030 |   4 | 1097.0 |
               +--------+--------+--------+--------+--------+-----+--------+

Top non-repeatable levels by time:
     D:2: 1206 daAuts
     D:1: 1131 daAuts
     D:3: 1049 daAuts
     D:4: 1001 daAuts
